 Dungeon Crawl Stone Soup version 0.25-a0-544-gee0576305d (webtiles) character file.

Game seed: 522774566324616809, levelgen mode: deterministic

67 Lugonue the Stinger (level 4, -2/27 HPs)
             Began as an Octopode Venom Mage on Feb 20, 2020.
             Slain by Crazy Yiuf
             ... wielding a +4 quarterstaff of chaos
              (4 damage)
             ... on level 2 of the Dungeon.
             The game lasted 00:03:41 (1738 turns).

Lugonue the Stinger (Octopode Venom Mage)           Turns: 1738, Time: 00:03:42

Health: -2/27      AC:  1    Str: 10    XL:     4   Next: 18%
Magic:  0/7        EV: 12    Int: 17    God:
Gold:   114        SH:  3    Dex: 12    Spells: 1/7 levels left

rFire    . . .     SeeInvis .   d - +0 dagger
rCold    . . .     Gourm    .   k - +0 buckler
rNeg     . . .     Faith    .   (helmet restricted)
rPois    .         Spirit   .   (no amulet)
rElec    .         Reflect  .   l - +2 ring of strength
rCorr    .         Harm     .   (no ring)
MR       .....                  (no ring)
Stlth    +++.......             (no ring)
HPRegen  0.09/turn              (no ring)
MPRegen  0.10/turn              (no ring)
                                (no ring)
                                (no ring)

@: very slightly contaminated, slowed, very slow
A: almost no armour, stealthy swim, amphibious, 8 rings, constrict 8, camouflage
1, gelatinous body 1
a: no special abilities


You were on level 2 of the Dungeon.
You were very hungry.

You visited 1 branch of the dungeon, and saw 2 of its levels.

You collected 114 gold pieces.

Inventory:

Hand Weapons
 d - a +0 dagger (weapon)
Missiles
 a - 10 poisoned darts (quivered)
Armour
 k - a +0 buckler (worn)
Jewellery
 l - a +2 ring of strength (left tentacle)
Scrolls
 c - a scroll of enchant armour {unknown}
 g - a scroll of teleportation {unknown}
 h - a scroll of blinking {unknown}
 i - a scroll of fog {unknown}
 j - 2 scrolls of identify
 p - a scroll of enchant weapon {unknown}
 q - a scroll of fear {unknown}
Potions
 e - a potion of brilliance {unknown}
 m - a potion of lignification {unknown}
 n - 3 potions of curing {unknown}
 o - a potion of might {unknown}
Comestibles
 b - 9 rations


   Skills:
 + Level 0.4 Short Blades
 + Level 1.1 Throwing
 + Level 2.2 Dodging
 + Level 3.9 Stealth
 + Level 2.2 Spellcasting
 + Level 1.0 Transmutations
 + Level 0.5 Air Magic
 + Level 4.4 Poison Magic


You had one spell level left.
You knew the following spells:

 Your Spells              Type           Power        Failure   Level  Hunger
a - Sting                 Tmut/Pois      ##..         11%         1    #......
b - Poisonous Vapours     Pois/Air       ##....       17%         2    ###....
c - Mephitic Cloud        Conj/Pois/Air  #.......     43%         3    ###....

Your spell library contained the following spells:

 Spells                   Type           Power        Failure   Level  Hunger
 Ignite Poison            Fire/Tmut/Pois #.......     41%         3    ###....
 Olgreb's Toxic Radiance  Pois           ###.....     45%         4    #####..


Dungeon Overview and Level Annotations

Branches:
Dungeon (2/15)

Altars:
Cheibriados
Hepliaklqana

Annotations:
D:1 1 runed translucent door
D:2 Crazy Yiuf


Innate Abilities, Weirdness & Mutations

You cannot wear most types of armour.
You are very stealthy in the water. (Stealth+)
You are amphibious.
You can wear up to eight rings at the same time.
You can use your tentacles to constrict eight enemies at once.
Your skin changes colour to match your surroundings (Stealth+).
Your rubbery body absorbs attacks. (AC +1, EV +1)


Message History

You don't have enough magic to cast that spell.
Crazy Yiuf says, "Aardvark!
Rifle Xom Orb Guardian."
Crazy Yiuf drinks a potion.
Crazy Yiuf seems to speed up.
Crazy Yiuf grits, "Fluff ragdoll pontify!"
You barely miss Crazy Yiuf. Your grab misses Crazy Yiuf.
Crazy Yiuf is severely wounded.
Crazy Yiuf hits you with a +4 quarterstaff of chaos!
* * * LOW HITPOINT WARNING * * *
You feel yourself slow down.
Throwing (i - inventory)
a - 11 poisoned darts (quivered)
Press: ? - help, Shift-Dir - straight line, f/p - Crazy Yiuf
Aim: Crazy Yiuf, wielding a +4 quarterstaff of chaos and wearing a +0 cloak (severely wounded, fast, very poisoned)
You throw a poisoned dart.
The poisoned dart barely misses Crazy Yiuf.
Crazy Yiuf waves his quarterstaff at you.
Crazy Yiuf hits you with a +4 quarterstaff of chaos.
* * * LOW HITPOINT WARNING * * *
You feel your power leaking away.
Crazy Yiuf hits you with a +4 quarterstaff of chaos.
You die...

#.###.# #...# #..#
#.#...# ... #### ##
#.#.#### #'# .#
#.#....# ♣♣.♣ .#
#.###### ♣g♣♣ .# #.#
♣♣.♣ .# #.# ♣.♣♣ .#
#.# ♣♣g♣♣ .# #.#
♣@PP♣♣ .######.######
♣.P♣P♣ .............#
#....#
############.###....#
#........# #####...##
#####


You could see Crazy Yiuf.

Vanquished Creatures
  2 adders (D:2)
  An ooze (D:2)
  A worm (D:2)
  2 dart slugs (D:1)
  4 bats
  A giant cockroach (D:2)
  5 hobgoblins
  6 kobolds
  3 quokkas (D:2)
  4 frilled lizards (D:2)
  3 goblins
  9 rats
  A fungus (D:2)
42 creatures vanquished.

Notes
Turn   | Place    | Note
-------+----------+-------------------------------------------
     0 | D:1      | Lugonue the Octopode Venom Mage began the quest for the
                  | Orb.
     0 | D:1      | Reached XP level 1. HP: 11/11 MP: 3/3
     1 | D:1      | Found a runed translucent door.
    93 | D:1      | Reached skill level 4 in Poison Magic
   167 | D:1      | Reached XP level 2. HP: 15/17 MP: 5/5
   386 | D:1      | Learned a level 2 spell: Poisonous Vapours
   802 | D:2      | Reached XP level 3. HP: 19/21 MP: 6/6
   855 | D:2      | Found a snail-covered altar of Cheibriados.
  1252 | D:2      | Reached skill level 1 in Throwing
  1260 | D:2      | Found a hazy altar of Hepliaklqana.
  1411 | D:2      | Reached XP level 4. HP: 20/27 MP: 4/7
  1489 | D:2      | Learned a level 3 spell: Mephitic Cloud
  1724 | D:2      | Found a runed translucent door.
  1725 | D:2      | Noticed Crazy Yiuf
  1738 | D:2      | Slain by Crazy Yiuf

Levels and vault maps discovered:
D:1:      dpeg_arrival_caged_fury, layout_loops_ring
D:2:      layout_basic, lemuel_coloured_pillars_altar, lemuel_doored_altar,
          first_ration, minmay_indecisive_spiral, uniq_crazy_yiuf_cottage

Skill      XL: |  1  2  3 |
---------------+----------+-----
Poison Magic   | 4 |  4.4
Stealth        | 3 |  3.9
Throwing       | 1 |  1.1
Short Blades   | |  0.4
Dodging        | |  2.2
Spellcasting   | |  2.2
Transmutations | |  1.0
Air Magic      | |  0.5

Action                   |  1- 3 |  4- 6 || total
-------------------------+-------+-------++-------
Melee: Dagger            |    38 |    24 ||    62
       Constrict         |    14 |     6 ||    20
       Tentacles         |    10 |     5 ||    15
       Unarmed           |     3 |       ||     3
Throw: Dart              |    64 |     1 ||    65
 Cast: Sting             |     1 |       ||     1
       Poisonous Vapours |     4 |     4 ||     8
  Use: Scroll            |     2 |       ||     2
       Potion            |       |     1 ||     1
 Stab: Sleeping          |     2 |       ||     2
  Eat: Chunk             |     1 |     1 ||     2
Armor: Skin              |     3 |     2 ||     5
Dodge: Dodged            |    23 |     7 ||    30
Block: Buckler           |     2 |       ||     2

Table legend:
 A = Non-vault XP
 B = Vault XP
 C = Vault XP percentage of total XP
 D = Non-vault monster count
 E = Vault monster count
 F = Vault count percentage of total count
                 A         B        C        D         E       F
            +---------+---------+-------+---------+---------+-------
      Total |      73 |      24 |  24.7 |      37 |       4 |   9.8
            +---------+---------+-------+---------+---------+-------
        D:1 |      29 |       0 |   0.0 |      17 |       0 |   0.0
        D:2 |      44 |      24 |  35.3 |      20 |       4 |  16.7
            +---------+---------+-------+---------+---------+-------
